 Dungeon Crawl Stone Soup version 0.30-a0-223-gcb0039aa0c (webtiles) character file.

Game seed: 15882558218513723572

200 qw the Shield-Bearer (level 5, -4/32 HPs)
             Began as a Gargoyle Fighter on Oct 9, 2022.
             Slain by Pikel
             ... wielding a +2 whip of freezing
              (6 damage)
             ... on level 4 of the Dungeon.
             The game lasted 00:01:08 (2518 turns).

qw the Shield-Bearer (Gargoyle Fighter)             Turns: 2518, Time: 00:01:08

Health: -4/32      AC: 17    Str: 21    XL:     5   Next: 79%
Magic:  5/5        EV:  4    Int:  9    God:
Gold:   204        SH: 12    Dex:  9    Spells: 4/4 levels left

rFire   . . .      SeeInvis .    Y - +1 war axe
rCold   . . .      Faith    .    i - +0 tower shield
rNeg    + . .      Spirit   .    l - +4 chain mail
rPois   inf        Reflect  .    (no helmet)
rElec   +          Harm     .    (no cloak)
rCorr   .          Rampage  .    (no gloves)
Will    .....                    (no boots)
Stlth   ..........               (no amulet)
HPRegen 0.25/turn                (no ring)
MPRegen 0.09/turn                (no ring)

@: about to teleport
A: sickness immunity, AC +4, negative energy resistance 1, electricity
resistance, torment resistance 1, petrification resistance
a: no special abilities


You were on level 4 of the Dungeon.
You visited 1 branch of the dungeon, and saw 6 of its levels.

You collected 204 gold pieces.


Innate Abilities, Weirdness & Mutations

You are immune to sickness and miasma.
Your stone body is resilient. (AC +4)
You are immune to poison.
You resist negative energy. (rN+)
You are resistant to electric shocks. (rElec)
You are resistant to unholy torment.
You are immune to petrification.


   Skills:
 - Level 3.2 Fighting
 - Level 4.3 Axes
 - Level 3.2 Armour
 + Level 4.8 Shields


You had 4 spell levels left.
You didn't know any spells.
Your spell library was empty.

Inventory:

Hand Weapons
 e - a +1 flail of protection
 Y - a +1 war axe (weapon)
Armour
 i - a +0 tower shield (worn)
 l - a +4 chain mail (worn)
Scrolls
 f - a scroll of teleportation
 g - a scroll of identify
Potions
 d - a potion of might
 h - a potion of heal wounds
 j - a potion of mutation
 k - a potion of curing {unknown}

Dungeon Overview and Level Annotations

Branches:
Dungeon (6/15)
 Temple: D:4-7

Altars:
Kikubaaqudgha
Uskayaw

Annotations:
D:4 Pikel


Message History

You hit the lemure but do no damage. You slash the lemure!
You block the lemure's attack.
The lemure hits you but does no damage. x2
You barely miss the lemure.
The lemure is moderately wounded.
You hit the lemure. x2
You block the lemure's attack. The lemure hits you.
You block the lemure's attack. The lemure hits you. The lemure hits you!
You block the lemure's attack.
Pikel shouts!
You hit the lemure but do no damage.
The lemure is moderately wounded.
You closely miss the lemure. You hit the lemure.
The lemure hits you but does no damage. x3
A ball python comes into view.
You block the lemure's attack. x2; The lemure hits you.
The ball python hisses angrily.
You slash the lemure!
The lemure is heavily wounded.
You barely miss the lemure. You hit the lemure but do no damage.
You block the lemure's attack. The lemure barely misses you.
The lemure hits you but does no damage.
You barely miss the lemure.
The lemure is heavily wounded.
You hit the lemure. You slash the lemure!
The lemure hits you but does no damage. x2; You block the lemure's attack. x2
You barely miss the lemure.
The lemure is severely wounded.
You barely miss Pikel. You hit the lemure. You block Pikel's attack.
You block the lemure's attack. x2
Pikel hits you but does no damage.
The lemure hits you but does no damage. x2
You barely miss the lemure.
The lemure is severely wounded.
You miss Pikel. You closely miss the lemure.
Pikel hits you with a +2 whip of freezing!
Pikel freezes you. The lemure hits you. You block the lemure's attack.
2518 ||| READING 2 scrolls of teleportation.
As you read the scroll of teleportation, it crumbles to dust.
You feel strangely unstable.
Pikel hits you with a +2 whip of freezing.
You die...

#.....###
#.##### #.#
#############.#
#.............#
#...%##########
#..#.# ..
#..#.##.### #.
#@5S...# ##
#K5..#.#
.5....55..##
..........#
##K##...#... #
.........
####.###### #.#
#..


You could see Pikel, 4 lemures and a ball python.

Vanquished Creatures
  A necrophage (D:5)
  An iguana (D:6)
  An orc wizard (D:4)
  An adder (D:2)
  A worm (D:4)
  11 orcs
  4 endoplasms
  A giant cockroach (D:2)
  12 goblins
  6 hobgoblins
  3 jackals (D:1)
  5 quokkas
  5 ball pythons
  2 frilled lizards (D:3)
  4 kobolds
  5 rats
63 creatures vanquished.

Vanquished Creatures (others)
  A fungus (D:1)
1 creature vanquished.

Grand Total: 64 creatures vanquished

Notes
Turn   | Place    | Note
-------+----------+-------------------------------------------
     0 | D:1      | qw the Gargoyle Fighter began the quest for the Orb.
     0 | D:1      | Reached XP level 1. HP: 14/14 MP: 1/1
     0 | D:1      | 0 ||| qw: Version: 0.2-a-17-g06abaee
     0 | D:1      | 0 ||| qw: Game counter: 2160
     0 | D:1      | 0 ||| qw: Always use a shield: true
     0 | D:1      | 0 ||| qw: God list: Okawaru
     0 | D:1      | 0 ||| qw: Allow faded altars: false
     0 | D:1      | 0 ||| qw: Do Orc after D:15 true
     0 | D:1      | 0 ||| qw: Do second Lair branch before Depths: true
     0 | D:1      | 0 ||| qw: Lair rune preference: random
     0 | D:1      | 0 ||| qw: Plans: Normal, Zot:1-4, God:TSO, Crypt, Tomb,
                  | Pan, Slime:5, Hells, Abyss, Orb
     0 | D:1      | 0 ||| PLANNING D:1-11
   216 | D:1      | Reached XP level 2. HP: 19/19 MP: 2/2
   349 | D:1      | Found a faded altar of an unknown god.
   642 | D:1      | 642 ||| READING scroll labelled FAKAG ZIEMYE.
   643 | D:1      | 643 ||| READING 4 scrolls labelled GAMEPE CEUVUTO.
   644 | D:1      | 644 ||| READING scroll labelled RITHRO AZOATUOD.
   686 | D:2      | 686 ||| STAIRDANCE
   690 | D:1      | Reached skill level 3 in Axes
   690 | D:1      | Reached XP level 3. HP: 23/23 MP: 3/3
   697 | D:1      | 697 ||| DROPPING +0 club.
   837 | D:2      | 837 ||| Stepping ~*~*~tactically~*~*~ (stealth).
   847 | D:2      | 847 ||| Stepping ~*~*~tactically~*~*~ (stealth).
  1193 | D:2      | 1193 ||| Stepping ~*~*~tactically~*~*~ (stealth).
  1206 | D:2      | 1206 ||| Stepping ~*~*~tactically~*~*~ (stealth).
  1220 | D:2      | Reached XP level 4. HP: 25/28 MP: 4/4
  1360 | D:2      | 1360 ||| READING scroll labelled ULOHEA QUGO.
  1361 | D:2      | 1361 ||| READING 2 scrolls labelled VIMNUUSICA.
  1365 | D:2      | 1365 ||| READING scroll labelled DYTSUN XICUMAR.
  1366 | D:2      | 1366 ||| READING scroll labelled TALYRIGAVY.
  1367 | D:2      | 1367 ||| READING 3 scrolls of identify.
  1367 | D:2      | 1367 ||| IDENTIFYING glowing green potion
  1368 | D:2      | 1368 ||| READING 2 scrolls of identify.
  1368 | D:2      | 1368 ||| IDENTIFYING fuming purple potion
  1821 | D:3      | You fall into a shaft and drop 3 floors!
  1861 | D:6      | Found a hide-covered altar of Uskayaw.
  1953 | D:6      | 1953 ||| UPGRADING to +0 tower shield.
  1963 | D:6      | 1963 ||| DROPPING +0 buckler.
  1964 | D:6      | 1964 ||| READING 2 scrolls of identify.
  1964 | D:6      | 1964 ||| IDENTIFYING clear potion
  1965 | D:6      | 1965 ||| DROPPING potion of magic.
  1970 | D:5      | Entered Level 5 of the Dungeon
  1971 | D:5      | Noticed a necrophage
  1978 | D:5      | Killed a necrophage
  1979 | D:5      | Reached XP level 5. HP: 32/32 MP: 5/5
  2004 | D:4      | 2004 ||| Stepping ~*~*~tactically~*~*~ (hiding).
  2112 | D:4      | 2112 ||| DROPPING +1 whip of venom.
  2113 | D:4      | 2113 ||| DROPPING +0 flail.
  2189 | D:4      | 2189 ||| UPGRADING to +4 chain mail.
  2199 | D:4      | 2199 ||| DROPPING +0 scale mail.
  2215 | D:3      | Found an ancient bone altar of Kikubaaqudgha.
  2506 | D:4      | Noticed a lemure
  2506 | D:4      | Noticed a lemure
  2506 | D:4      | Noticed a lemure
  2506 | D:4      | Noticed Pikel
  2506 | D:4      | Noticed a lemure
  2507 | D:4      | 2507 ||| Stepping ~*~*~tactically~*~*~ (stealth).
  2517 | D:4      | HP: 8/32 [Pikel/+2 whip of freezing (2)]
  2517 | D:4      | HP: 2/32 [lemure[Pikel] (6)]
  2518 | D:4      | 2518 ||| READING 2 scrolls of teleportation.
  2518 | D:4      | Slain by Pikel

Levels and vault maps discovered:
D:1:      scummos_arrival_checkerplants, layout_loops_cross,
          shapermc_ecumenical_altar_mp_urbaneastern
D:2:      kennysheep_big_flooded_room, layout_rooms, serial_curves,
          eino_curves_03, eino_curves_04
D:3:      layout_loops_cross, kiku_gazebo_pond_becter
D:4:      layout_basic, lemuel_crystal_altar, uniq_pikel
D:5:      layout_loops_ring, mainiacjoe_overflow_alcove_2, serial_shops,
          nicolae_square_shop
D:6:      layout_basic, xom_butterflies, lemuel_tele_altar,
          gammafunk_ghost_abyssal_escape, roderic_roman_lattice,
          kennysheep_windowed_goal

Skill      XL: |  1  2  3  4 |
---------------+-------------+-----
Axes           | 2 3 4 |  4.3
Shields        | 4 |  4.8
Fighting       | |  3.2
Armour         | |  3.2

Action                   |  1- 3 |  4- 6 || total
-------------------------+-------+-------++-------
Melee: War axe           |   119 |    94 ||   213
  Use: Scroll            |     3 |     8 ||    11
Armor: Scale mail        |    76 |    25 ||   101
       Chain mail        |       |    20 ||    20
Dodge: Dodged            |    57 |    18 ||    75
Block: Buckler           |    17 |    10 ||    27
       Tower shield      |       |    31 ||    31

Table legend:
 A = Non-vault XP
 B = Vault XP
 C = Vault XP percentage of total XP
 D = Non-vault monster count
 E = Vault monster count
 F = Vault count percentage of total count
                 A         B        C        D         E       F
            +---------+---------+-------+---------+---------+-------
      Total |     284 |       3 |   1.0 |      61 |       2 |   3.2
            +---------+---------+-------+---------+---------+-------
        D:1 |      36 |       0 |   0.0 |      19 |       0 |   0.0
        D:2 |      46 |       3 |   6.1 |      18 |       2 |  10.0
        D:3 |      28 |       0 |   0.0 |      13 |       0 |   0.0
        D:4 |      57 |       0 |   0.0 |       9 |       0 |   0.0
        D:5 |      81 |       0 |   0.0 |       1 |       0 |   0.0
        D:6 |      36 |       0 |   0.0 |       1 |       0 |   0.0
            +---------+---------+-------+---------+---------+-------
